 Dungeon Crawl Stone Soup version 0.13-a0-3076-g221303f (webtiles) character file.

437 Malachi the Ruinous (level 6, 0/36 HPs)
             Began as a High Elf Conjurer on Sept 17, 2013.
             Killed from afar by Sigmund (6 damage)
             ... with a puff of flame
             ... on Level 4 of the Dungeon.
             The game lasted 00:09:34 (4851 turns).

Malachi the Ruinous (High Elf Conjurer)             Turns: 4851, Time: 00:09:34

HP   0/36        AC  3     Str  7      XL: 6   Next:  6%
MP  10/18        EV 14     Int 20      God:
Gold 155         SH  0     Dex 19      Spells:  2 memorised, 10 levels left

Res.Fire  : . . .   See Invis. : .   j - +1 dwarf short sword
Res.Cold  : . . .   Warding    : .   a - +0 elf robe
Life Prot.: . . .   Conserve   : .   (no shield)
Res.Poison: .       Res.Corr.  : .   i - +0 plumed helmet
Res.Elec. : .       Clarity    : .   (no cloak)
Sust.Abil.: . .     Spirit.Shd : .   (no gloves)
Res.Mut.  : .       Stasis     : .   (no boots)
Res.Rott. : .       Flight     : .   (no amulet)
Saprovore : . . .                    (no ring)
                                     h - +2 ring of dexterity

@: slightly resistant to hostile enchantments, stealthy
A: no striking features
a: no special abilities


You were on level 4 of the Dungeon.
You were hungry.

You visited 1 branch of the dungeon, and saw 4 of its levels.

You collected 135 gold pieces.

Inventory:

Hand weapons
 j - a +1,+1 dwarven short sword (weapon)
 v - a +1 blowgun
Missiles
 u - 5 curare-tipped needles
Armour
 a - a +0 elven robe (worn)
 i - a +0 plumed helmet (worn)
Magical devices
 e - a wand of paralysis (11) {unknown}
 x - a wand of frost (0)
Comestibles
 b - 3 bread rations
 d - a snozzcumber
 l - a cheese
 o - 3 pears
 p - 3 chokos
 r - 4 rotting chunks of orc flesh
 B - a chunk of rat flesh
 D - a meat ration
Scrolls
 k - 5 scrolls of identify
 q - 2 scrolls of magic mapping
 y - 2 scrolls of teleportation {unknown}
 E - a scroll of remove curse
Jewellery
 h - a +2 ring of dexterity (left hand)
 s - an uncursed ring of teleportation
 A - an uncursed amulet of faith {unknown}
Potions
 f - a potion of brilliance
 g - a potion of paralysis {unknown}
 m - a potion of restore abilities {unknown}
 n - 2 potions of heal wounds
 t - a potion of invisibility {unknown}
 w - a potion of flight {unknown}
 C - a potion of curing {unknown}
Books
 c - a book of Conjurations

   Spells                             Type                      Level
   *Magic Dart                        Conjuration                  1
   *Searing Ray                       Conjuration                  2
   Dazzling Spray                     Conjuration/Hexes            3
   Iskenderun's Mystic Blast          Conjuration                  4
   Iskenderun's Battlesphere          Conjuration/Charms           4
   Fulminant Prism                    Conjuration/Hexes            5


   Skills:
 + Level 0.4 Fighting
 * Level 3.0 Dodging
 + Level 2.2 Stealth
 * Level 4.1 Spellcasting
 * Level 6.5 Conjurations


You had 10 spell levels left.
You knew the following spells:

 Your Spells              Type           Power        Failure   Level  Hunger
a - Magic Dart            Conj           ####         1%          1    None
b - Searing Ray           Conj           ####..       1%          2    #......


Dungeon Overview and Level Annotations

Branches:
Dungeon (4/27)
 Temple: D:4-7

Altars:
Makhleb
Vehumet

Annotations:
D:4 Sigmund


Message History

Sigmund comes into view.
He is wielding a scythe.
Sigmund shouts!
Found a sling.
There is an open door here.
You see here an orcish chain mail.
Sigmund gestures at you while chanting. The magic dart hits you!
Sigmund gestures at you while chanting. The puff of flame hits you!
There is an open door here.
You close the door.
Sigmund opens the door.
Sigmund points at you and mumbles some strange words.
The puff of flame hits you!
Sigmund points at you and mumbles some strange words.
The puff of flame hits you!
* * * LOW HITPOINT WARNING * * *
Sigmund points at you and mumbles some strange words.
The puff of flame hits you!
You die...

####### #.....# ######.....#
####### #######...@'....@#####
#.....#
..)...#.####.....'...#####.....+
......[.# #.....###....<#.....#
......### #.....# #####.'.....#
...... #.....# ###.....# ......
###'### #.....# ###+## #.#
####'## #.## ###.# #..# #...#


You could see Sigmund.

Vanquished Creatures
  An orc priest (D:4)
  A crimson imp (D:4)
  2 orc wizards (D:4)
  4 adders
  4 gnolls
  2 giant eyeballs
  4 giant geckos
  6 orcs
  6 bats
  5 giant cockroaches
  9 goblins
  6 hobgoblins
  4 jackals (D:4)
  13 kobolds
  2 quokkas
  5 giant newts
  11 rats
85 creatures vanquished.

Notes
Turn   | Place    | Note
--------------------------------------------------------------
     0 | D:1      | Malachi, the High Elf Conjurer, began the quest for the Orb.
     0 | D:1      | Reached XP level 1. HP: 11/11 MP: 4/4
   428 | D:1      | Reached XP level 2. HP: 17/17 MP: 1/5
   771 | D:1      | Reached skill level 5 in Conjurations
  1587 | D:2      | Reached XP level 3. HP: 21/21 MP: 0/8
  2327 | D:2      | Reached XP level 4. HP: 25/27 MP: 2/11
  2760 | D:3      | Learned a level 2 spell: Searing Ray
  3900 | D:3      | Reached XP level 5. HP: 31/31 MP: 10/13
  4089 | D:4      | Reached skill level 6 in Conjurations
  4244 | D:4      | Found a burning altar of Makhleb.
  4249 | D:4      | Found a radiant altar of Vehumet.
  4536 | D:4      | Reached XP level 6. HP: 24/36 MP: 3/18
  4837 | D:4      | Noticed Sigmund
  4851 | D:4      | Killed from afar by Sigmund

Action                   |  1- 3 |  4- 6 || total
-------------------------+-------+-------++-------
Melee: Short sword       |    13 |     5 ||    18
 Cast: Magic Dart        |    85 |    94 ||   179
       Searing Ray       |       |     6 ||     6
  Use: Scroll            |       |     6 ||     6
       Potion            |       |     2 ||     2
